 Dungeon Crawl Stone Soup version 0.31-a0-198-g2ad674f65e (webtiles) character file.

Game seed: 5197118870214746728

235 qw the Skirmisher (level 5, -3/30 HPs)
             Began as a Deep Elf Hunter on June 25, 2023.
             Slain by Edmund
             ... wielding a +5 flail of holy wrath
              (14 damage)
             ... on level 4 of the Dungeon.
             The game lasted 00:00:57 (1802 turns).

qw the Skirmisher (Deep Elf Hunter)                 Turns: 1802, Time: 00:00:57

Health: -3/30      AC:  7    Str: 10    XL:     5   Next: 76%
Magic:  7/7        EV: 11    Int: 14    God:
Gold:   180        SH:  0    Dex: 18    Spells: 4/4 levels left

rFire   . . .        Y - +1 shortbow
rCold   . . .        (shield currently unavailable)
rNeg    . . .        g - +0 ring mail
rPois   .            (no helmet)
rElec   .            (no cloak)
rCorr   .            e - +1 pair of gloves
SInv    .            (no boots)
Will    .....        (no amulet)
Stlth   +            (no ring)
HPRegen 0.25/turn    (no ring)
MPRegen 0.10/turn

%: no passive effects
@: no status effects
A: no striking features
a: no special abilities


You were on level 4 of the Dungeon.
You visited 1 branch of the dungeon, and saw 4 of its levels.

You collected 180 gold pieces.


   Skills:
 - Level 2.1 Fighting
 + Level 9.1 Ranged Weapons
 - Level 2.4 Dodging
 - Level 1.2 Stealth


You had 4 spell levels left.
You didn't know any spells.
Your spell library was empty.

Inventory:

Hand Weapons
 Y - a +1 shortbow (weapon)
Armour
 e - a +1 pair of gloves (worn)
 g - a +0 ring mail (worn)
Scrolls
 i - a scroll of identify
Potions
 a - a potion of attraction {unknown}
 b - a potion of curing {unknown}
 d - a potion of lignification {unknown}
 f - a potion of mutation {unknown}
 h - a potion of might {unknown}

Dungeon Overview and Level Annotations

Branches:
Dungeon (4/15)
 Temple: D:4-7

Altars:
Hepliaklqana
Vehumet

Annotations:
D:4 Edmund


Message History

A giant cockroach comes into view.
Enter note:
Enter note: You shoot an arrow.
The arrow hits the giant cockroach.
The giant cockroach is moderately wounded.
You shoot an arrow. The arrow hits the giant cockroach!
You kill the giant cockroach!
Found 3 boomerangs.
Enter note:
Enter note:
Found an escape hatch in the ceiling.
Enter note:
Enter note: Edmund the Younger comes into view.
He is wielding a +5 flail of holy wrath.
Found a spear.
Edmund drinks a potion.
Edmund suddenly seems more resistant.
You see here a +0 dagger.
Enter note:
Enter note:
Enter note:
Enter note: You now have 180 gold pieces (gained 12).
Enter note:
Enter note: You shoot an arrow.
The arrow hits Edmund!
Edmund is moderately wounded.
You shoot an arrow. The arrow hits Edmund.
Edmund is moderately wounded.
Edmund hits you with a +5 flail of holy wrath!
You shoot an arrow.
The arrow hits Edmund but does no damage.
Edmund is moderately wounded.
Edmund hits you but does no damage.
You shoot an arrow. The arrow hits Edmund.
Edmund is moderately wounded.
Edmund hits you with a +5 flail of holy wrath!
You shoot an arrow.
The arrow hits Edmund but does no damage.
Edmund is moderately wounded.
Edmund hits you with a +5 flail of holy wrath!
You die...

#.# #+# ###..###
#.# #.# ..)...
#.# #.# .....
#.# ###.##.....
#.####..........
#.##........(...
#.....P~)P#...<.
##.##7~~@~P.....
#.#7~~P@P~~.##.
#.#7~~~.~~~7#
#.#7~~P.~~~7
#.#7~~~.~PP7
#.#7~P~.PP~7
#.##~7~.~~~7
#77~.~~P.
7~.~P7.#


You could see Edmund (resistant).

Vanquished Creatures
  A hound (D:4)
  Terence (D:3)
  2 iguanas
  A gnoll (D:3)
  2 adders (D:3)
  An ufetubus (D:3)
  3 worms (D:3)
  3 dart slugs
  3 orcs
  7 ball pythons
  7 bats
  10 endoplasms
  3 giant cockroaches
  8 goblins
  4 hobgoblins
  5 quokkas
  5 frilled lizards
  6 kobolds
  7 rats
79 creatures vanquished.

Notes
Turn   | Place    | Note
-------+----------+-------------------------------------------
     0 | D:1      | qw the Deep Elf Hunter began the quest for the Orb.
     0 | D:1      | Reached XP level 1. HP: 12/12 MP: 3/3
     0 | D:1      | 0 ||| qw: Version: 0.3-a-22-g0ed2b0b
     0 | D:1      | 0 ||| qw: Game counter: 5209
     0 | D:1      | 0 ||| qw: Melee chars always use a shield: true
     0 | D:1      | 0 ||| qw: God list: Okawaru
     0 | D:1      | 0 ||| qw: Allow faded altars: false
     0 | D:1      | 0 ||| qw: Do Orc after clearing Dungeon:15 true
     0 | D:1      | 0 ||| qw: Do second Lair branch before Depths: true
     0 | D:1      | 0 ||| qw: Lair rune preference: random
     0 | D:1      | 0 ||| qw: Goals: Normal
     0 | D:1      | 0 ||| PLANNING D:1-11
   100 | D:1      | Reached skill level 6 in Ranged Weapons
   100 | D:1      | Reached XP level 2. HP: 16/16 MP: 4/4
   262 | D:1      | Reached XP level 3. HP: 11/20 MP: 5/5
   682 | D:1      | 682 ||| UPGRADING to +0 ring mail.
   692 | D:1      | 692 ||| DROPPING +0 leather armour.
   693 | D:1      | 693 ||| READING scroll labelled YCE ZULIRREVAF.
   694 | D:1      | 694 ||| READING scroll labelled BAS DUZUDGHODALO.
   695 | D:1      | 695 ||| READING scroll labelled GAZEHO COSH.
   696 | D:1      | 696 ||| READING scroll labelled JIPPOT NESK.
   701 | D:1      | 701 ||| READING scroll labelled ORCHUSHECYU.
   702 | D:1      | 702 ||| READING scroll labelled MAHUON DUCVO.
   703 | D:1      | 703 ||| DROPPING scroll of butterflies.
   775 | D:2      | Reached skill level 7 in Ranged Weapons
   943 | D:2      | Found a radiant altar of Vehumet.
  1150 | D:2      | 1150 ||| UPGRADING to +1 pair of gloves.
  1155 | D:2      | 1155 ||| DROPPING ring of wizardry.
  1156 | D:2      | 1156 ||| READING scroll labelled MYZXOH DERPHUOL.
  1229 | D:3      | Noticed Terence
  1241 | D:3      | Killed Terence
  1242 | D:3      | Reached XP level 4. HP: 9/25 MP: 6/6
  1410 | D:3      | Reached skill level 8 in Ranged Weapons
  1446 | D:3      | Found a hazy altar of Hepliaklqana.
  1562 | D:3      | Reached XP level 5. HP: 29/29 MP: 7/7
  1690 | D:3      | 1690 ||| READING scroll labelled FISEUMI FOIP.
  1715 | D:4      | Reached skill level 9 in Ranged Weapons
  1716 | D:4      | 1716 ||| DROPPING +0 sling of freezing.
  1790 | D:4      | Noticed Edmund
  1802 | D:4      | Slain by Edmund

Levels and vault maps discovered:
D:1:      ncdulo_watergridlock, layout_basic
D:2:      layout_rooms, basic_altar, corexii_item_surrounded_by_moat,
          chequers_garden
D:3:      minmay_octagon_keep, layout_basic, nzn_hepliaklqana_mist_gate,
          uniq_terence
D:4:      layout_basic, pdpol_wu_jian_five_deadly_venoms, serial_bayou,
          serial_bayou_lagoon_b, serial_bayou_ford_a, serial_bayou_pond_b,
          serial_bayou_crossing, cheibrodos_gnoll_hut, uniq_edmund

Skill      XL: |  1  2  3  4  5 |
---------------+----------------+-----
Ranged Weapons | 6 7 8 9 |  9.1
Fighting       | 2 |  2.1
Dodging        | |  2.4
Stealth        | |  1.2

Action                     |  1- 3 |  4- 6 || total
---------------------------+-------+-------++-------
   Fire: Shortbow          |   139 |    99 ||   238
    Use: Scroll            |     7 |     1 ||     8
 Armour: Leather armour    |     3 |       ||     3
         Ring mail         |     4 |    20 ||    24
  Dodge: Dodged            |    32 |    35 ||    67

Table legend:
 A = Non-vault XP
 B = Vault XP
 C = Vault XP percentage of total XP
 D = Non-vault monster count
 E = Vault monster count
 F = Vault count percentage of total count
                 A         B        C        D         E       F
            +---------+---------+-------+---------+---------+-------
      Total |     207 |     129 |  38.4 |      65 |      14 |  17.7
            +---------+---------+-------+---------+---------+-------
        D:1 |      59 |       0 |   0.0 |      35 |       0 |   0.0
        D:2 |      29 |       0 |   0.0 |      16 |       0 |   0.0
        D:3 |      37 |     129 |  77.7 |      10 |      14 |  58.3
        D:4 |      82 |       0 |   0.0 |       4 |       0 |   0.0
            +---------+---------+-------+---------+---------+-------
